 Dungeon Crawl Stone Soup version 0.25.1-2-g60ff931df9 (webtiles) character file.

Game seed: 1430526185944125561

28 sankara the Skirmisher (level 3, -1/33 HPs)
             Began as a Hill Orc Fighter on Nov 28, 2020.
             Slain by an adder (3 damage)
             ... on level 2 of the Dungeon.
             The game lasted 00:02:29 (732 turns).

sankara the Skirmisher (Hill Orc Fighter)            Turns: 732, Time: 00:02:30

Health: -1/33      AC:  6    Str: 18    XL:     3   Next: 12%
Magic:  3/3        EV:  7    Int:  8    God:
Gold:   109        SH:  9    Dex: 11    Spells: 2/2 levels left

rFire    . . .     SeeInvis .   a - +0 war axe
rCold    . . .     Gourm    .   c - +0 kite shield
rNeg     . . .     Faith    .   b - +0 scale mail
rPois    .         Spirit   .   (no helmet)
rElec    .         Reflect  .   (no cloak)
rCorr    .         Harm     .   (no gloves)
MR       +....                  (no boots)
Stlth    ..........             (no amulet)
HPRegen  0.11/turn              l - ring of protection from magic
MPRegen  0.08/turn              (no ring)

@: lethally poisoned (-1 -> -1)
A: no striking features
a: no special abilities


You were on level 2 of the Dungeon.
You were not hungry.

You visited 1 branch of the dungeon, and saw 2 of its levels.

You collected 109 gold pieces.

Inventory:

Hand Weapons
 a - a +0 war axe (weapon)
Missiles
 e - 11 poisoned darts (quivered)
 p - 2 stones
Armour
 b - a +0 scale mail (worn)
 c - a +0 kite shield (worn)
Jewellery
 l - a ring of protection from magic (left hand)
 n - an uncursed ring of fire {unknown}
Scrolls
 i - 2 scrolls of enchant armour {unknown}
 k - a scroll of fog {unknown}
 m - 2 scrolls of identify {unknown}
 o - 3 scrolls of teleportation {unknown}
 r - a scroll of fear {unknown}
Potions
 d - 2 potions of might
 h - a potion of lignification {unknown}
 j - 2 potions of cancellation {unknown}
 q - a potion of brilliance {unknown}
Comestibles
 f - 2 rations
 g - 7 chunks of flesh


   Skills:
 + Level 3.9 Fighting
 * Level 3.6 Axes
 + Level 3.6 Armour
 + Level 3.6 Shields


You had 2 spell levels left.
You didn't know any spells.
Your spell library was empty.

Dungeon Overview and Level Annotations

Branches:
Dungeon (2/15)

Altars:


Message History

Your scale mail prevents you from hitting the adder.
The adder is lightly wounded.
You feel sick.
The adder bites you but does no damage. x2
You closely miss the adder.
The adder is lightly wounded.
You block the adder's attack. x2
You closely miss the adder.
The adder is lightly wounded.
The adder bites you but does no damage. x2
You barely miss the adder.
The adder is lightly wounded.
You feel sick. The adder barely misses you.
You closely miss the adder. You block the adder's attack. x2
You closely miss the adder. You block the adder's attack. The adder bites you.
* * * LOW HITPOINT WARNING * * *
You barely miss the adder.
You feel sick. The adder bites you but does no damage.
You block the adder's attack.
You barely miss the adder. The adder bites you but does no damage.
You miss the adder.
You feel sick. The adder bites you.
You die...

#.# #.# #..#..#[.#..#...# #.#
#####.###...#..#..#..#..#
#)####...#.##..#..#..#..#..#.#
#......#.#)##................#
#.####..............g##.#..###
#.# #####.###.#####r...[.....
#.# ####.###.# #.#########.
#.. ...>.....#####........ ###
####......@Srg..^...##
##############...# ####


You could see an adder, a hobgoblin and a rat.

Vanquished Creatures
  A dart slug (D:1)
  2 leopard geckos (D:1)
  5 bats
  2 giant cockroaches (D:1)
  A goblin (D:1)
  A hobgoblin (D:1)
  4 kobolds (D:1)
  2 frilled lizards (D:1)
  6 rats
24 creatures vanquished.

Notes
Turn   | Place    | Note
-------+----------+-------------------------------------------
     0 | D:1      | sankara the Hill Orc Fighter began the quest for the Orb.
     0 | D:1      | Reached XP level 1. HP: 19/19 MP: 1/1
    77 | D:1      | Reached XP level 2. HP: 27/27 MP: 2/2
   529 | D:1      | Reached XP level 3. HP: 30/33 MP: 3/3
   732 | D:2      | Slain by an adder

Illustrated notes

Levels and vault maps discovered:
D:1:      minmay_arrival_semitransparent, layout_basic
D:2:      layout_loops_ring, lemuel_zombie_altar_yredelemnul, first_ration,
          minmay_misc_feat_diagonals, grunt_ministairs_4

Skill      XL: |  1 |
---------------+----+-----
Axes           | 3 |  3.6
Fighting       | |  3.9
Armour         | |  3.6
Shields        | |  3.6

Action                   || total
-------------------------++-------
Melee: War axe           ||    90
Armor: Scale mail        ||    57
Dodge: Dodged            ||    31
Block: Kite shield       ||    64
